 Dungeon Crawl Stone Soup version 0.31-a0-185-g9dded2c639 (webtiles) character file.

Game seed: 8383244310425283165

28 qw the Shooter (level 3, -3/20 HPs)
             Began as a Deep Elf Hunter on June 22, 2023.
             Killed by nerve-wracking pain
             ... invoked by an orc priest
              (6 damage)
             ... on level 3 of the Dungeon.
             The game lasted 00:00:19 (1522 turns).

qw the Shooter (Deep Elf Hunter)                    Turns: 1522, Time: 00:00:20

Health: -3/20      AC:  6    Str: 10    XL:     3   Next: 0%
Magic:  5/5        EV: 11    Int: 13    God:
Gold:   50         SH:  0    Dex: 18    Spells: 2/2 levels left

rFire   . . .        Y - +0 shortbow (flame)
rCold   . . .        (shield currently unavailable)
rNeg    . . .        c - +0 ring mail
rPois   .            a - +0 helmet
rElec   .            (no cloak)
rCorr   .            (no gloves)
SInv    .            (no boots)
Will    .....        (no amulet)
Stlth   +            (no ring)
HPRegen 0.23/turn    (no ring)
MPRegen 0.09/turn

%: no passive effects
@: no status effects
A: no striking features
a: no special abilities


You were on level 3 of the Dungeon.
You visited 1 branch of the dungeon, and saw 3 of its levels.

You collected 50 gold pieces.


   Skills:
 - Level 1.5 Fighting
 + Level 6.6 Ranged Weapons
 - Level 2.4 Dodging
 - Level 1.2 Stealth


You had 2 spell levels left.
You didn't know any spells.
Your spell library was empty.

Inventory:

Hand Weapons
 Y - a +0 shortbow of flaming (weapon)
Armour
 a - a +0 helmet (worn)
 c - a +0 ring mail (worn)
Jewellery
 j - a ring of fire
Scrolls
 i - a scroll of identify
Potions
 d - a potion of curing
 e - a potion of might {unknown}

Dungeon Overview and Level Annotations

Branches:
Dungeon (3/15)

Altars:


Message History

What level of the Dungeon? (default 1, ? - help)
There is a stone staircase leading down here.
You climb downwards.
There is a stone staircase leading up here.
Waypoint 2 assigned to D:3.
Found a stone staircase leading up.
There is a stone staircase leading up here.
1507 ||| STAIRDANCE You climb upwards.
There is a stone staircase leading down here.
Enter note:
Enter note:
(D) Dungeon
Where to? (* - list waypoints, Enter - D:3 @ (x,y), ? - help)
What level of the Dungeon? (default 1, ? - help)
You climb downwards.
There is a stone staircase leading up here.
An orc wizard comes into view. It is wielding a +0 dagger.
The orc wizard shouts!
You hear a shout! x2
An orc priest comes into view. It is wielding a +0 flail.
The orc wizard casts a spell.
The orc wizard flickers and vanishes!
Deactivating autopickup; reactivate with Ctrl-A.
You shoot an arrow. The arrow hits the orc priest.
The arrow burns the orc priest.
The orc priest is moderately wounded.
The orc priest mumbles some strange prayers to Beogh against you.
Pain shoots through your body!
Ouch! That really hurt!
A puff of flame appears from out of thin air!
The puff of flame hits you.
You shoot an arrow.
The arrow closely misses the orc priest.
An orc comes into view. It is wielding a +0 hand axe.
You shoot an arrow. The arrow hits the orc priest.
The arrow burns the orc priest.
The orc priest is severely wounded.
The orc priest mumbles some strange prayers to Beogh against you.
Pain shoots through your body!
You die...

###########
#..<......#
########.#######.#
.........# #.#
#######..# #@#
#..# #.# #...# ..o
...... .###o
......#... ..
###...... ##
#.##..... ..#


You could see an orc priest and an orc.

Vanquished Creatures
  A dart slug (D:2)
  3 endoplasms
  A giant cockroach (D:1)
  4 goblins (D:1)
  2 hobgoblins (D:1)
  3 kobolds
  A quokka (D:1)
  A ball python (D:1)
  4 bats
  4 frilled lizards
24 creatures vanquished.

Notes
Turn   | Place    | Note
-------+----------+-------------------------------------------
     0 | D:1      | qw the Deep Elf Hunter began the quest for the Orb.
     0 | D:1      | Reached XP level 1. HP: 12/12 MP: 3/3
     0 | D:1      | 0 ||| qw: Version: 0.3-a-9-g12657ce
     0 | D:1      | 0 ||| qw: Game counter: 1793
     0 | D:1      | 0 ||| qw: Always use a shield: true
     0 | D:1      | 0 ||| qw: God list: Okawaru
     0 | D:1      | 0 ||| qw: Allow faded altars: false
     0 | D:1      | 0 ||| qw: Do Orc after D:15 true
     0 | D:1      | 0 ||| qw: Do second Lair branch before Depths: true
     0 | D:1      | 0 ||| qw: Lair rune preference: random
     0 | D:1      | 0 ||| qw: Plans: Normal
     0 | D:1      | 0 ||| PLANNING D:1-11
   169 | D:1      | You fall into a shaft and drop 1 floor!
   170 | D:2      | 170 ||| UPGRADING to +0 scale mail.
   180 | D:2      | 180 ||| DROPPING +0 leather armour.
   181 | D:2      | 181 ||| READING scroll labelled OMUTHR WYIS.
   182 | D:2      | 182 ||| READING scroll labelled LESMEGHOECH.
   283 | D:2      | 283 ||| DROPPING scroll of butterflies.
   295 | D:1      | Reached skill level 6 in Ranged Weapons
   295 | D:1      | Reached XP level 2. HP: 16/16 MP: 4/4
   979 | D:1      | 979 ||| UPGRADING to +0 helmet.
   984 | D:1      | 984 ||| UPGRADING to +0 ring mail.
   994 | D:1      | 994 ||| DROPPING +0 scale mail.
   995 | D:1      | 995 ||| DROPPING +3 leather armour.
   996 | D:1      | 996 ||| READING scroll labelled ZOJIAD QUESUI.
   997 | D:1      | 997 ||| READING scroll labelled COTSAGGISULU.
   998 | D:1      | 998 ||| READING scroll labelled IRYPSOV IKOETS.
   999 | D:1      | 999 ||| DRINKING 2 yellow potions.
  1424 | D:2      | Reached XP level 3. HP: 20/20 MP: 5/5
  1507 | D:3      | 1507 ||| STAIRDANCE
  1520 | D:3      | HP: 2/20 [something/puff of flame (5)]
  1522 | D:3      | Killed from afar by an orc priest

Levels and vault maps discovered:
D:1:      eino_arrival_cavern_e, layout_loops_corners, minmay_tetromino_i2
D:2:      layout_basic, st_stairs_5
D:3:      minmay_spotlight, layout_loops_ring, gammafunk_ghost_abyssal_escape,
          wad_floor_pattern_untrapped, hangedman_decor_push, dk_noncrumbling_2,
          uniq_natasha, uniq_robin

Skill      XL: |  1 |
---------------+----+-----
Ranged Weapons | 6 |  6.6
Fighting       | |  1.5
Dodging        | |  2.4
Stealth        | |  1.2

Action                     || total
---------------------------++-------
   Fire: Shortbow          ||    49
    Use: Scroll            ||     5
         Potion            ||     1
 Armour: Scale mail        ||     6
         Ring mail         ||     3
  Dodge: Dodged            ||     6

Table legend:
 A = Non-vault XP
 B = Vault XP
 C = Vault XP percentage of total XP
 D = Non-vault monster count
 E = Vault monster count
 F = Vault count percentage of total count
                 A         B        C        D         E       F
            +---------+---------+-------+---------+---------+-------
      Total |      35 |       6 |  14.6 |      20 |       4 |  16.7
            +---------+---------+-------+---------+---------+-------
        D:1 |      25 |       4 |  13.8 |      15 |       2 |  11.8
        D:2 |      10 |       2 |  16.7 |       5 |       2 |  28.6
            +---------+---------+-------+---------+---------+-------
